 Dungeon Crawl Stone Soup version 0.30.1-3-gfc49f6343a (webtiles) character file.

Game seed: 4427781206251851455

61 leafyfresh the Covert (level 4, 0/41 HPs)
             Began as a Gnoll Delver on Aug 4, 2023.
             Succumbed to a scorpion's poison
             ... on level 4 of the Dungeon.
             The game lasted 00:01:32 (581 turns).

leafyfresh the Covert (Gnoll Delver)                 Turns: 581, Time: 00:01:32

Health: 0/41       AC:  5    Str: 11    XL:     4   Next: 7%
Magic:  5/5        EV: 13    Int: 10    God:
Gold:   25         SH:  0    Dex: 15    Spells: 5/5 levels left

rFire   . . .        a - +0 short sword
rCold   . . .        (no shield)
rNeg    . . .        b - +0 leather armour
rPois   .            i - +2 hat
rElec   .            (no cloak)
rCorr   .            (no gloves)
SInv    .            (no boots)
Will    .....        (no amulet)
Stlth   ++++         (no ring)
HPRegen 0.26/turn    (no ring)
MPRegen 0.09/turn

%: no passive effects
@: lethally poisoned (0 -> -1)
A: fangs 1, strong nose, distributed training
a: no special abilities


You were on level 4 of the Dungeon.
You visited 1 branch of the dungeon, and saw 2 of its levels.

You collected 25 gold pieces.

Inventory:

Hand Weapons
 a - a +0 short sword (weapon)
Missiles
 e - a throwing net (quivered)
Armour
 b - a +0 leather armour (worn)
 i - a +2 hat (worn)
Wands
 g - a wand of digging (3)
Scrolls
 c - 4 scrolls of fog
 d - a scroll of magic mapping
 h - a scroll of identify {unknown}
 j - a scroll of noise {unknown}
Potions
 f - a potion of haste


   Skills:
 + Level 6.6 Fighting
 + Level 4.6 Short Blades
 + Level 1.0 Long Blades
 + Level 1.0 Axes
 + Level 1.0 Maces & Flails
 + Level 1.0 Polearms
 + Level 1.0 Staves
 + Level 1.0 Ranged Weapons
 + Level 1.0 Throwing
 + Level 1.0 Armour
 + Level 4.6 Dodging
 + Level 9.6 Stealth
 + Level 1.0 Shields
 + Level 1.0 Unarmed Combat
 + Level 1.0 Spellcasting
 + Level 0.8 Conjurations
 + Level 0.8 Hexes
 + Level 0.8 Summonings
 + Level 0.8 Necromancy
 + Level 0.8 Translocations
 + Level 0.8 Transmutations
 + Level 0.8 Fire Magic
 + Level 0.8 Ice Magic
 + Level 0.8 Air Magic
 + Level 0.8 Earth Magic
 + Level 0.8 Poison Magic
 + Level 1.1 Invocations
 + Level 1.0 Evocations


You had 5 spell levels left.
You didn't know any spells.
Your spell library was empty.

Dungeon Overview and Level Annotations

Branches:
Dungeon (5/15)
 Temple: D:4-7

Altars:

Shops:
D:4 (


Innate Abilities, Weirdness & Mutations

You have very sharp teeth.
Your uncanny sense of smell can sniff out nearby items.
Your experience applies equally to all skills.


Message History

You bite the scorpion, but do no damage.
The scorpion is moderately wounded.
The scorpion closely misses you.
You hit the scorpion but do no damage. Your bite misses the scorpion.
The scorpion is moderately wounded.
The scorpion barely misses you.
You barely miss the scorpion.
The scorpion is moderately wounded.
The scorpion stings you.
* * * LOW HITPOINT WARNING * * *
You are poisoned.
The scorpion poisons you!
You hit the scorpion but do no damage.
The scorpion is lightly wounded.
You feel sick.
The scorpion stings you but does no damage.
You hit the scorpion but do no damage.
The scorpion is lightly wounded.
You feel sick. The scorpion closely misses you.
You hit the scorpion.
The scorpion is moderately wounded.
You feel sick. The scorpion closely misses you.
You hit the scorpion.
The scorpion is heavily wounded.
You feel sick. The scorpion barely misses you.
You hit the scorpion but do no damage. Your bite misses the scorpion.
The scorpion is heavily wounded.
You feel sick. The scorpion barely misses you.
You hit the scorpion.
The scorpion is heavily wounded.
You barely miss the scorpion.
The scorpion is heavily wounded.
You feel sick. The scorpion barely misses you.
You hit the scorpion but do no damage.
The scorpion is heavily wounded.
You feel sick. The scorpion stings you.
* * * LOW HITPOINT WARNING * * *
You hit the scorpion but do no damage.
The scorpion is heavily wounded.
You die...

#.. #.. #........ #..
#.##..... ##.# #.##.....
## ##<..## #.##..... ##.
##.....# #.##.#.# ##..
##.....)# #......#####...
#.......####........##....
........s@......>....'....
#.).########.##...#.##....
##.# #.##..##.###... #.
#.#...##.# ##.. #
#.#.#.##.# ##. #.....##.#
## #........# # ###.######
# #.# ##


You could see a scorpion.

Vanquished Creatures
  An iguana (D:5)
  2 adders
  A white imp (D:4)
  A giant cockroach (D:4)
  A goblin (D:4)
  2 hobgoblins (D:4)
  3 training dummies (D:4)
11 creatures vanquished.

Notes
Turn   | Place    | Note
-------+----------+-------------------------------------------
     0 | D:5      | Reached skill level 9 in Stealth
     0 | D:5      | leafyfresh the Gnoll Delver began the quest for the Orb.
     0 | D:5      | Reached XP level 1. HP: 23/23 MP: 1/1
    34 | D:5      | Noticed an ogre
    36 | D:5      | Noticed an ogre
    49 | D:5      | Noticed an iguana
    51 | D:5      | Noticed an iguana
    51 | D:5      | Noticed a phantom
    53 | D:5      | Killed an iguana
    54 | D:5      | Reached XP level 2. HP: 29/29 MP: 2/2
    54 | D:5      | Reached XP level 3. HP: 35/35 MP: 3/3
    96 | D:5      | Noticed an ogre
    98 | D:5      | Reached skill level 1 in Invocations
   102 | D:5      | HP: 1/35 [ogre/+0 giant spiked club (34)]
   426 | D:4      | Found Zupn's Firing Range.
   438 | D:4      | Reached skill level 1 in Long Blades
   438 | D:4      | Reached skill level 1 in Axes
   438 | D:4      | Reached skill level 1 in Maces & Flails
   438 | D:4      | Reached skill level 1 in Polearms
   438 | D:4      | Reached skill level 1 in Staves
   438 | D:4      | Reached skill level 1 in Ranged Weapons
   438 | D:4      | Reached skill level 1 in Throwing
   438 | D:4      | Reached skill level 1 in Armour
   438 | D:4      | Reached skill level 1 in Shields
   438 | D:4      | Reached skill level 1 in Unarmed Combat
   438 | D:4      | Reached skill level 1 in Spellcasting
   438 | D:4      | Reached skill level 1 in Evocations
   557 | D:4      | Reached XP level 4. HP: 10/41 MP: 5/5
   561 | D:4      | Noticed a scorpion
   580 | D:4      | HP: 1/41 [scorpion (3)]
   581 | D:4      | Succumbed to a scorpion's poison

Illustrated notes

Levels and vault maps discovered:
D:4:      layout_loops_corners, kennysheep_slug_shrine,
          nicolae_shop_firing_range, uniq_menkaure, uniq_crazy_yiuf_cottage
D:5:      layout_rooms, lemuel_round_altar, bh_walls_and_bars

Skill      XL: |  1  2  3 |
---------------+----------+-----
Stealth        | |  9.6
Invocations    | 1 |  1.1
Long Blades    | 1 |  1.0
Axes           | 1 |  1.0
Maces & Flails | 1 |  1.0
Polearms       | 1 |  1.0
Staves         | 1 |  1.0
Ranged Weapons | 1 |  1.0
Throwing       | 1 |  1.0
Armour         | 1 |  1.0
Shields        | 1 |  1.0
Unarmed Combat | 1 |  1.0
Spellcasting   | 1 |  1.0
Evocations     | 1 |  1.0
Fighting       | |  6.6
Short Blades   | |  4.6
Dodging        | |  4.6
Conjurations   | |  0.8
Hexes          | |  0.8
Summonings     | |  0.8
Necromancy     | |  0.8
Translocations | |  0.8
Transmutations | |  0.8
Fire Magic     | |  0.8
Ice Magic      | |  0.8
Air Magic      | |  0.8
Earth Magic    | |  0.8
Poison Magic   | |  0.8

Action                     |  1- 3 |  4- 6 || total
---------------------------+-------+-------++-------
  Melee: Short sword       |    48 |    19 ||    67
         Bite              |     5 |     2 ||     7
         Punch             |     1 |       ||     1
    Use: Scroll            |     1 |       ||     1
         Potion            |     1 |       ||     1
   Stab: Sleeping          |     3 |       ||     3
 Armour: Leather armour    |    15 |     2 ||    17
  Dodge: Dodged            |    25 |     9 ||    34
